 Dungeon Crawl Stone Soup version 0.28-a0-1616-g050a50673c (webtiles) character file.

Game seed: 1460719184953254803

918 grumblor the Ducker (level 8, -10/58 HPs)
             Began as a Djinni Gladiator on Jan 22, 2022.
             Mangled by a seven-headed hydra (11 damage)
             ... on level 7 of the Dungeon.
             The game lasted 00:07:57 (3341 turns).

grumblor the Ducker (Djinni Gladiator)              Turns: 3341, Time: 00:07:58

Health: -10/58     AC:  9    Str: 15    XL:     8   Next: 31%
Gold:   121        EV: 12    Int: 17    God:
                   SH:  0    Dex: 14

rFire   + + .      SeeInvis .   k - +10 dagger "Rengoff" {vorpal, rC+}
rCold   + . .      Faith    .   (no shield)
rNeg    . . .      Spirit   .   f - +0 ring mail {rC+}
rPois   ∞          Reflect  .   u - +2 helmet
rElec   .          Harm     .   (no cloak)
rCorr   .          Rampage  .   (no gloves)
Will    .....                   (boots unavailable)
Stlth   +.........              e - amulet of regeneration
HPRegen 0.99/turn               g - +6 ring of intelligence
MPRegen 0.00/turn               (no ring)

@: flying, hasted, very quick
A: sickness immunity, fire resistance 2, cold vulnerability 1, float, innate
caster, hp casting, extra vitality 1
a: no special abilities


You were on level 7 of the Dungeon.
You visited 1 branch of the dungeon, and saw 6 of its levels.

You collected 121 gold pieces.

Inventory:

Hand Weapons
 a - a +0 war axe
 k - the +10 dagger "Rengoff" (weapon) {vorpal, rC+}
   (You took it off a goblin on level 3 of the Dungeon)

   It inflicts extra damage upon your enemies.
   rC:        It protects you from cold.
 m - a +0 broad axe
Missiles
 n - a javelin (quivered)
 o - 3 boomerangs
Armour
 f - a +0 ring mail of cold resistance (worn)
 u - a +2 helmet (worn)
Jewellery
 e - an amulet of regeneration (around neck)
 g - a +6 ring of intelligence (left hand)
Wands
 s - a wand of flame (33)
Scrolls
 i - a scroll of fog
Potions
 b - a potion of mutation
 c - 2 potions of brilliance
 j - 2 potions of lignification
 l - 4 potions of curing
 q - a potion of berserk rage {unknown}


   Skills:
 * Level 4.3 Fighting
 - Level 3.4 Axes
 * Level 2.8 Throwing
 * Level 4.1 Armour
 * Level 5.0 Dodging
 * Level 2.0 Spellcasting
 * Level 2.0 Evocations


You had 5 spell levels left.
You knew the following spells:

 Your Spells              Type           Power      Damage    Failure   Level
a - Pain                  Necr           32%        1d5       16%         1
b - Corpse Rot            Necr/Air       16%        N/A       22%         2
c - Mephitic Cloud        Conj/Pois/Air  8%         N/A       41%         3
Your spell library was empty.

Dungeon Overview and Level Annotations

Branches:
Dungeon (7/15)
 Temple: D:4-7

Altars:
Hepliaklqana


Innate Abilities, Weirdness & Mutations

You are immune to sickness and miasma.
You are immune to poison.
Your flesh is very heat resistant. (rF++)
You are vulnerable to cold. (rC-)
You float through the air rather than walking.
You learn spells naturally, not from books.
Your magical power is your life essence.
You have superior vitality. (+4 MHP)


Message History

Aim: a seven-headed hydra (lightly wounded, 79% to hit)
You throw a javelin.
The javelin barely misses the seven-headed hydra.
The javelin pierces through the centaur.
The centaur is moderately wounded.
The seven-headed hydra barely misses you.
The seven-headed hydra bites you but does no damage. x2
The seven-headed hydra barely misses you.
The seven-headed hydra bites you but does no damage. x2
The seven-headed hydra bites you.
Throw: 3 javelins
Press: ? - help, Q - select action, (/) - cycle Shift-Dir - straight line, f/p - seven-headed hydra
Aim: a seven-headed hydra (lightly wounded, 79% to hit)
You throw a javelin.
The javelin barely misses the seven-headed hydra.
The javelin pierces through the centaur.
The centaur is severely wounded.
The seven-headed hydra closely misses you.
The seven-headed hydra bites you. x2; The seven-headed hydra misses you.
The seven-headed hydra bites you.
The seven-headed hydra completely misses you.
The seven-headed hydra misses you.
Throw: 2 javelins
Press: ? - help, Q - select action, (/) - cycle Shift-Dir - straight line, f/p - seven-headed hydra
Aim: a seven-headed hydra (lightly wounded, 79% to hit)
You throw a javelin.
The javelin pierces through the seven-headed hydra!
The seven-headed hydra is moderately wounded.
The javelin barely misses the centaur.
The seven-headed hydra bites you. The seven-headed hydra bites you!
* * * LOW HITPOINT WARNING * * *
The seven-headed hydra bites you but does no damage.
The seven-headed hydra bites you.
* * * LOW HITPOINT WARNING * * *
The seven-headed hydra bites you.
* * * LOW HITPOINT WARNING * * *
The seven-headed hydra bites you!
* * * LOW HITPOINT WARNING * * *
The seven-headed hydra bites you!
You die...

#......# #......#
#.###### #.# .. #.#
..c.##### ##.#
#..((.# #..#
#.######.##
#(.cD@.#.# ##
######.#)#####...
#..........<..#
#.....!...†####
#.............######
#.....[...)##......##
#.....)....#######..#
#....(.....# ##..
############ ###


You could see a seven-headed hydra and a centaur.

Vanquished Creatures
  Sigmund (D:4)
  A necrophage (D:4)
  A centaur (D:7)
  A phantom (D:4)
  Blork the orc (D:3)
  A scorpion (D:7)
  A centaur skeleton (D:7)
  An iguana (D:3)
  Natasha (thrice) (D:2)
  Robin (D:2)
  7 gnolls (D:4)
  2 adders (D:2)
  A shadow imp (D:4)
  2 worms
  5 dart slugs
  6 orcs (D:3)
  6 ball pythons
  7 endoplasms
  3 giant cockroaches
  19 goblins
  10 hobgoblins
  14 jackals
  4 quokkas
  4 bats
  A frilled lizard (D:1)
  9 kobolds
  8 rats
120 creatures vanquished.

Vanquished Creatures (collateral kills)
  A gnoll (D:4)
1 creature vanquished.

Grand Total: 121 creatures vanquished

Notes
Turn   | Place    | Note
-------+----------+-------------------------------------------
     0 | D:1      | grumblor the Djinni Gladiator began the quest for the Orb.
     0 | D:1      | Reached XP level 1. HP: 18/18 MP: 0/0
    44 | D:1      | Reached XP level 2. HP: 22/23 MP: 0/0
   196 | D:1      | Found a faded altar of an unknown god.
   512 | D:1      | Reached XP level 3. HP: 24/28 MP: 0/0
   512 | D:1      | Learned a level 1 spell: Pain
  1062 | D:2      | Noticed Natasha
  1070 | D:2      | Killed Natasha
  1071 | D:2      | Reached skill level 1 in Armour
  1071 | D:2      | Reached XP level 4. HP: 25/34 MP: 0/0
  1235 | D:2      | Noticed Robin
  1258 | D:2      | Reached XP level 5. HP: 37/39 MP: 0/0
  1258 | D:2      | Learned a level 2 spell: Corpse Rot
  1295 | D:2      | Killed Robin
  1296 | D:2      | Reached skill level 4 in Dodging
  1527 | D:2      | Noticed Natasha
  1539 | D:2      | Killed Natasha
  1540 | D:2      | Reached skill level 1 in Spellcasting
  1551 | D:2      | Noticed Natasha
  1562 | D:2      | Killed Natasha
  1761 | D:3      | Reached XP level 6. HP: 43/45 MP: 0/0
  1915 | D:3      | Identified the +10 dagger "Rengoff" {vorpal, rC+}
  2532 | D:4      | Found a hazy altar of Hepliaklqana.
  2670 | D:4      | Noticed Blork the orc
  2673 | D:4      | Noticed Sigmund
  2716 | D:3      | Killed Blork the orc
  2717 | D:3      | Reached skill level 1 in Evocations
  2762 | D:4      | Reached XP level 7. HP: 50/50 MP: 0/0
  2762 | D:4      | Learned a level 3 spell: Mephitic Cloud
  3181 | D:4      | Killed Sigmund
  3182 | D:4      | Reached XP level 8. HP: 52/58 MP: 0/0
  3225 | D:5      | Entered Level 5 of the Dungeon
  3225 | D:5      | You are sucked into a shaft and drop 2 floors!
  3254 | D:7      | Reached skill level 5 in Dodging
  3329 | D:7      | Noticed a seven-headed hydra
  3341 | D:7      | HP: 1/58 [seven-headed hydra (9)]
  3341 | D:7      | Mangled by a seven-headed hydra

Illustrated notes

Levels and vault maps discovered:
D:1:      minmay_arrival_radiant_lines, layout_loops_corners,
          hellmonk_ecumenical_altar_dog_temple, minmay_tromino_v2
D:2:      layout_basic, grunt_decor_cap, uniq_robin, uniq_natasha
D:3:      layout_basic
D:4:      layout_rooms, kennysheep_mini_moat, uniq_sigmund, uniq_blork_the_orc
D:5:      layout_gridville, minmay_temple_entry_overgrown, portal_sewer_entry_b
D:7:      layout_rooms, enter_bailey_3, abandoned_shop

Skill      XL: |  1  2  3  4  5  6  7  8 |
---------------+-------------------------+-----
Axes           | 3 |  3.4
Armour         | 1 2 3 4 |  4.1
Throwing       | 2 |  2.8
Dodging        | 4 5 |  5.0
Spellcasting   | 1 2 |  2.0
Fighting       | 3 4 |  4.3
Evocations     | 1 2 |  2.0

Action                   |  1- 3 |  4- 6 |  7- 9 || total
-------------------------+-------+-------+-------++-------
Melee: War axe           |    80 |       |       ||    80
       Broad axe         |    12 |   147 |       ||   159
       Punch             |       |     1 |     3 ||     4
       Dagger            |       |    50 |    64 ||   114
Throw: Javelin           |       |     2 |     8 ||    10
       Throwing net      |       |       |     3 ||     3
  Use: Scroll            |     3 |     8 |     4 ||    15
       Potion            |       |       |     1 ||     1
 Stab: Sleeping          |       |     1 |       ||     1
Armor: Leather armour    |    31 |    61 |       ||    92
       Ring mail         |       |    16 |    48 ||    64
Dodge: Dodged            |    58 |   161 |    64 ||   283

Table legend: (Time is in decaauts)
 A = Elapsed time spent in this place.
 B = Non-inter-level travel time spent in this place.
 C = Inter-level travel time spent in this place.
 D = Time resting spent in this place.
 E = Time spent auto-exploring this place.
 F = Levels seen in this place.
 G = Mean time per level.
                   A        B        C        D        E       F      G
               +--------+--------+--------+--------+--------+-----+--------+
         Total |   3443 |   3245 |    198 |    138 |   2146 |   6 |  573.8 |
       Dungeon |   3443 |   3245 |    198 |    138 |   2146 |   6 |  573.8 |
               +--------+--------+--------+--------+--------+-----+--------+

Top non-repeatable levels by time:
     D:1: 1063 daAuts
     D:3: 832 daAuts
     D:4: 728 daAuts
     D:2: 705 daAuts
     D:7: 113 daAuts
